 Dungeon Crawl Stone Soup version 0.28-a0-1622-gc30f734a66 (webtiles) character file.

Game seed: 3291550649560912205

88 Anathary the Chopper (level 4, 0/34 HPs)
             Began as a Demonspawn Gladiator on Jan 23, 2022.
             Slain by a gnoll (1 damage)
             ... on level 3 of the Dungeon.
             The game lasted 00:07:09 (2710 turns).

Anathary the Chopper (Demonspawn Gladiator)         Turns: 2710, Time: 00:07:09

Health: 0/34       AC: 12    Str: 16    XL:     4   Next: 30%
Magic:  4/4        EV:  7    Int: 10    God:
Gold:   45         SH:  0    Dex: 14    Spells: 3/3 levels left

rFire   . . .      SeeInvis .   a - +0 war axe
rCold   . . .      Faith    .   (no shield)
rNeg    . . .      Spirit   .   o - +0 chain mail
rPois   +          Reflect  .   c - +0 helmet
rElec   .          Harm     .   (no cloak)
rCorr   .          Rampage  .   k - +2 pair of gloves
Will    .....                   (no boots)
Stlth   ..........              (no amulet)
HPRegen 0.11/turn               e - ring of poison resistance
MPRegen 0.09/turn               (no ring)

@: no status effects
A: claws 1, ignite blood 1
a: no special abilities


You were on level 3 of the Dungeon.
You visited 1 branch of the dungeon, and saw 3 of its levels.

You collected 45 gold pieces.

Inventory:

Hand Weapons
 a - a +0 war axe (weapon)
Missiles
 d - 3 throwing nets (quivered)
Armour
 c - a +0 helmet (worn)
 h - a +0 helmet
 k - a +2 pair of gloves (worn)
 o - a +0 chain mail (worn)
Jewellery
 e - a ring of poison resistance (left hand)
Scrolls
 i - 4 scrolls of identify {unknown}
 j - a scroll of enchant armour {unknown}
 l - a scroll of teleportation {unknown}
 n - a scroll of summoning {unknown}
 q - a scroll of enchant weapon {unknown}
 r - a scroll of fog {unknown}
Potions
 b - a potion of degeneration {unknown}
 f - a potion of attraction {unknown}
 g - a potion of mutation {unknown}
 m - a potion of heal wounds {unknown}
 p - a potion of lignification {unknown}


   Skills:
 + Level 2.3 Fighting
 + Level 3.8 Axes
 - Level 1.7 Throwing
 + Level 1.1 Armour
 + Level 3.2 Dodging
 + Level 0.2 Stealth


You had 3 spell levels left.
You didn't know any spells.
Your spell library was empty.

Dungeon Overview and Level Annotations

Branches:
Dungeon (3/15)

Altars:


Innate Abilities, Weirdness & Mutations

You have sharp fingernails.
Your demonic aura sometimes causes spilled blood to erupt in flames.


Message History

a +1 vorpal flail; a gnoll corpse
Things that are here:
a +0 club; a +0 club; a gnoll corpse You start resting.
HP restored.
Things that are here:
a +0 club; a +0 club; a gnoll corpse
Things that are here:
a +1 vorpal flail; a gnoll corpse You now have 45 gold pieces (gained 17).
Things that are here:
a +0 club; a +0 robe A gnoll comes into view.
It is wielding a +0 flail.
The gnoll shouts!
You hear a shout!
A gnoll comes into view. It is wielding a +0 halberd.
The gnoll shouts!
The gnoll hits you but does no damage. The gnoll hits you with a +0 halberd.
You closely miss the gnoll. You barely miss the gnoll.
The gnoll hits you with a +0 flail! The gnoll hits you but does no damage.
You hit the gnoll but do no damage. You barely miss the gnoll.
The gnoll hits you but does no damage. The gnoll hits you with a +0 halberd.
The gnoll hits you with a +0 flail.
You hit the gnoll but do no damage. You closely miss the gnoll.
The gnoll barely misses you. The gnoll hits you with a +0 flail!
The gnoll hits you with a +0 halberd.
You slash the gnoll!
The gnoll is severely wounded.
You hit the gnoll. The gnoll hits you with a +0 flail.
* * * LOW HITPOINT WARNING * * *
The gnoll hits you with a +0 halberd.
* * * LOW HITPOINT WARNING * * *
You barely miss the gnoll.
The gnoll is severely wounded.
You barely miss the gnoll. The gnoll hits you with a +0 flail.
* * * LOW HITPOINT WARNING * * *
The gnoll closely misses you.
You slash the gnoll!
You kill the gnoll!
You barely miss the gnoll. The gnoll hits you with a +0 flail.
You die...

#...........### #.##..#
#.............# .#. #......
#.#.........#.. .. ...#...
..##........######.# .....#.##...
....###..##........###...........
..#..##.## ###...........#....##
.........# ##....##.... ..#..##
.........#####.g...#.... ##.....
..##..#.........@).....#####.####
..##.######.....°............####
.###.######....................†.
.......##..).............†#######
####...........)..........# ##
#.....#...................#### #.
.....................).......###.
...............##.#........#..##.
>...............#...###..........


You could see a gnoll.

Vanquished Creatures
  3 gnolls (D:3)
  2 adders
  2 worms
  A dart slug (D:1)
  An orc (D:3)
  2 endoplasms
  3 giant cockroaches
  2 hobgoblins
  4 jackals (D:3)
  2 quokkas (D:3)
  5 ball pythons
  2 bats
  3 frilled lizards (D:1)
  7 goblins
  4 kobolds
  3 rats
46 creatures vanquished.

Notes
Turn   | Place    | Note
-------+----------+-------------------------------------------
     0 | D:1      | Anathary the Demonspawn Gladiator began the quest for the
                  | Orb.
     0 | D:1      | Reached XP level 1. HP: 16/16 MP: 1/1
   325 | D:1      | Gained mutation: Your demonic aura sometimes causes spilled
                  | blood to erupt in flames. [demonic ancestry]
   325 | D:1      | Reached XP level 2. HP: 14/22 MP: 2/2
  1163 | D:1      | Found a faded altar of an unknown god.
  1750 | D:2      | Gained mutation: You have sharp fingernails. [demonic
                  | ancestry]
  1750 | D:2      | Reached XP level 3. HP: 14/27 MP: 3/3
  2320 | D:3      | Reached skill level 1 in Armour
  2487 | D:3      | Reached XP level 4. HP: 28/33 MP: 4/4
  2709 | D:3      | HP: 1/34 [gnoll (3)]
  2710 | D:3      | Slain by a gnoll

Illustrated notes

Levels and vault maps discovered:
D:1:      ncdulo_lavacross, layout_basic, nicolae_ecumenical_snake_handling,
          chequers_serial_rivers_small_a,
          nicolae_concentric_dashed_squares_wild, palyth_stone_intersect
D:2:      layout_basic
D:3:      layout_rooms, serial_shops, nicolae_shop_behind_doors

Skill      XL: |  1  2  3 |
---------------+----------+-----
Axes           | 3 |  3.8
Dodging        | 3 |  3.2
Armour         | 1 |  1.1
Fighting       | |  2.3
Throwing       | |  1.7
Stealth        | |  0.2

Action                   |  1- 3 |  4- 6 || total
-------------------------+-------+-------++-------
Melee: War axe           |   132 |    13 ||   145
Armor: Leather armour    |    10 |       ||    10
       Chain mail        |    81 |     7 ||    88
Dodge: Dodged            |    81 |     4 ||    85

Table legend: (Time is in decaauts)
 A = Elapsed time spent in this place.
 B = Non-inter-level travel time spent in this place.
 C = Inter-level travel time spent in this place.
 D = Time resting spent in this place.
 E = Time spent auto-exploring this place.
 F = Levels seen in this place.
 G = Mean time per level.
                   A        B        C        D        E       F      G
               +--------+--------+--------+--------+--------+-----+--------+
         Total |   2758 |   2687 |     71 |   1149 |    497 |   3 |  919.3 |
       Dungeon |   2758 |   2687 |     71 |   1149 |    497 |   3 |  919.3 |
               +--------+--------+--------+--------+--------+-----+--------+

Top non-repeatable levels by time:
     D:1: 1263 daAuts
     D:2: 771 daAuts
     D:3: 723 daAuts
